 Dungeon Crawl Stone Soup version 0.30-a0-778-g2ef04afb54 (webtiles) character file.

Game seed: 1403695169714268674

2 xian the Chopper (level 1, -2/28 (31) HPs)
             Began as a Naga Berserker on Feb 16, 2023.
             Was a Follower of Trog.
             Slain by a goblin
             ... wielding a +0 club
              (4 damage)
             ... on level 1 of the Dungeon.
             The game lasted 00:00:12 (86 turns).

xian the Chopper (Naga Berserker)                     Turns: 86, Time: 00:00:12

HP:   -2/28 (31)    AC:  1    Str: 19    XL:     1   Next: 40%
MP:   1/1           EV:  9    Int:  7    God:    Trog [*.....]
Gold: 20            SH:  0    Dex: 10    Spells: 0/0 levels left

rFire   . . .      SeeInvis +    a - +0 hand axe
rCold   . . .      Faith    .    (no shield)
rNeg    . . .      Spirit   .    b - +0 animal skin
rPois   +          Reflect  .    (no helmet)
rElec   .          Harm     .    (no cloak)
rCorr   .          Rampage  .    (no gloves)
Will    .....                    (no barding) Stlth
                                 (no amulet)
HPRegen 0.24/turn                (no ring)
MPRegen 0.07/turn                (no ring)

@: berserking (expiring), drained, quick
A: AC +0, large, see invisible, deformed body, poison resistance, slowness 2,
spit poison 1, naga tail 1
a: Spit Poison, Renounce Religion, Berserk


You were on level 1 of the Dungeon.
You worshipped Trog.
Trog was aware of your devotion.
You visited 1 branch of the dungeon, and saw 1 of its levels.

You collected 20 gold pieces.

Inventory:

Hand Weapons
 a - a +0 hand axe (weapon)
Armour
 b - a +0 animal skin (worn)
Scrolls
 c - a scroll of identify {unknown}


   Skills:
 + Level 3.0 Fighting
 + Level 3.0 Axes
 + Level 1.6 Armour
 + Level 1.5 Dodging


You couldn't memorise any spells.
You didn't know any spells.
Your spell library was empty.

Dungeon Overview and Level Annotations

Branches:
Dungeon (1/15)

Altars:


Innate Abilities, Weirdness & Mutations

Your serpentine skin is tough. (AC +0)
You have supernaturally acute eyesight. (SInv)
Armour fits poorly on your strangely shaped body.
Your system is resistant to poisons. (rPois)
You cover ground very slowly.
You can spit poison.
You have a snake-like lower body.


Message History

The kobold shouts!
You hear a shout!
A hobgoblin comes into view.
The kobold throws a stone.
The stone hits you.
A goblin comes into view. It is wielding a +1 dagger of draining.
A goblin comes into view. It is wielding a +0 club.
The hobgoblin moves out of view.
The splash of poison hits the kobold.
You kill the kobold!
Trog accepts your kill.
The goblin shouts!
You have got your breath back.
The kobold hits you with a +0 short sword.
The kobold hits you with a +0 short sword.
The kobold attacks as you move away! The kobold misses you.
A red film seems to cover your vision as you go berserk!
You feel yourself moving faster!
You feel mighty!
The kobold hits you with a +0 short sword.
You closely miss the kobold. You closely miss the goblin.
The kobold hits you with a +0 short sword.
The goblin hits you with a +0 club.
You barely miss the kobold. You closely miss the goblin.
The kobold hits you with a +0 short sword.
You barely miss the kobold. You barely miss the goblin. You hit the goblin.
The goblin hits you with a +1 dagger of draining.
You feel drained.
The kobold hits you with a +0 short sword.
* * * LOW HITPOINT WARNING * * *
The goblin barely misses you.
You hit the kobold.
You kill the kobold!
Trog accepts your kill.
You completely miss the goblin. You closely miss the goblin.
The goblin hits you with a +0 club.
* * * LOW HITPOINT WARNING * * *
The goblin hits you with a +1 dagger of draining.
* * * LOW HITPOINT WARNING * * *
You feel drained.
* * * LOW HITPOINT WARNING * * *
The goblin hits you with a +0 club.
You die...

#.......# ###.......# ..g....
#.........#
.......##########.##......#
...g...#........#.##......#
....g..#........#.##......#
..$.)..#........#.##......#
.......#....g.............###
............@................
#............g.........######
#.......[..............# #...
#...=..................# #.#.
#.......#######........# #.#.
#.......# #############...
#.......# ####8<8#### #....#
#.......# #.........####.#.##
#.......##8.........8#...#.#


You could see 2 goblins.

Vanquished Creatures
  A giant cockroach (D:1)
  2 kobolds (D:1)
3 creatures vanquished.

Notes
Turn   | Place    | Note
-------+----------+-------------------------------------------
     0 | D:1      | xian the Naga Berserker began the quest for the Orb.
     0 | D:1      | Reached XP level 1. HP: 21/21 MP: 1/1
    86 | D:1      | Slain by a goblin

Illustrated notes

Levels and vault maps discovered:
D:1:      mrwooster_arrival_statue_2, layout_basic, corexii_leaking_fountain

Action                     || total
---------------------------++-------
  Melee: Hand axe          ||     8
 Invoke: Berserk           ||     1
Ability: Spit Poison       ||     1
 Armour: Animal skin       ||     1
  Dodge: Dodged            ||     6

Table legend: (Time is in decaauts)
 A = Elapsed time spent in this place.
 B = Non-inter-level travel time spent in this place.
 C = Inter-level travel time spent in this place.
 D = Time resting spent in this place.
 E = Time spent auto-exploring this place.
 F = Levels seen in this place.
 G = Mean time per level.
                   A        B        C        D        E       F      G
               +--------+--------+--------+--------+--------+-----+--------+
         Total |    111 |    111 |      0 |      0 |     78 |   1 |  111.0 |
       Dungeon |    111 |    111 |      0 |      0 |     78 |   1 |  111.0 |
               +--------+--------+--------+--------+--------+-----+--------+

Top non-repeatable levels by time:
     D:1: 111 daAuts
